Map: Estase LE

Players

Vicster - Winner!

  • Race: Terran Terran
  • League: Gold
  • Spawn Location: 1:00

VOD

Have the link to the VOD?

Description

Time

  • Played on: Jan. 6, 2019, 1:49 p.m.
  • Length: 27:51
Show
View Real Time Build Order
Export as new Build Order

Vicster Terran - Winner!

Build Orders:  

Get SALT Encoding   

  12  0:04  SCV  
  13  0:21  SCV  
  13  0:26  Supply Depot  
  14  0:38  SCV  
  15  0:56  SCV  
  16  1:02  Barracks  
  16  1:13  SCV  
  16  1:15  Refinery  
  17  1:30  SCV  
  18  1:47  SCV  
  19  2:08  Orbital Command  
  19  2:20  Command Center  
  19  2:23  Marine  
  20  2:49  SCV  
  21  3:06  SCV  
  21  3:09  Refinery  
  22  3:14  Supply Depot  
  22  3:23  SCV  
  22  3:24  Factory  
  23  3:44  SCV  
  24  3:52  Bunker  
  23  4:08  SCV  
  24  4:11  Barracks Tech Lab  
  24  4:16  Orbital Command  
  24  4:25  SCV  
  24  4:29  Supply Depot  
  25  4:53  SCV  
  25  4:56  SCV  
  27  5:06  Supply Depot  
  27  5:08  Siege Tank  
  30  5:10  SCV  
  30  5:13  SCV  
  32  5:21  Engineering Bay  
  32  5:27  SCV  
  33  5:30  SCV  
  34  5:42  Refinery  
  34  5:44  SCV  
  34  5:47  Refinery, SCV  
  34  5:49  Supply Depot  
  36  6:02  Siege Tank  
  36  6:04  SCV x2  
  41  6:21  SCV x2  
  43  6:38  SCV x2  
  45  6:45  Factory  
  45  6:53  Factory  
  45  6:55  SCV x2  
  45  6:59  Siege Tank  
  50  7:12  SCV  
  50  7:16  SCV  
  52  7:28  SCV  
  53  7:33  SCV  
  53  7:34  Armory  
  53  7:38  Armory  
  54  7:50  SCV  
  54  7:52  SCV  
  54  7:55  Factory Reactor x2  
  54  7:57  Siege Tank  
  59  8:07  SCV  
  59  8:09  SCV  
  61  8:18  Command Center  
  61  8:28  SCV  
  62  8:30  SCV  
  63  8:45  SCV  
  63  8:46  Terran Vehicle Weapons Level 1, Terran Vehicle And Ship Armor Level 1  
  63  8:47  SCV  
  65  8:59  Command Center  
  65  9:02  Command Center, SCV  
  66  9:17  Hellion x2  
  70  9:26  Supply Depot x2  
  70  9:27  Supply Depot  
  70  9:29  Supply Depot x2  
  70  9:30  Supply Depot  
  70  9:56  Thor, SCV x2, Hellion x2  
  82  10:00  Orbital Command  
  82  10:04  Factory  
  82  10:13  SCV x2  
  84  10:30  SCV x2  
  84  10:39  Hellion x3  
  92  10:47  SCV  
  93  10:56  Thor  
  93  10:58  Factory  
  99  11:04  Orbital Command  
  99  11:07  Factory  
  99  11:10  Orbital Command  
  99  11:12  Command Center  
  99  11:14  Factory Tech Lab  
  99  11:17  Hellion  
  99  11:18  Hellion  
  103  11:40  Supply Depot  
  103  11:42  Supply Depot  
  103  11:44  Supply Depot  
  103  11:45  Supply Depot  
  103  11:46  Terran Vehicle Weapons Level 2  
  103  11:47  Terran Vehicle And Ship Armor Level 2  
  103  11:48  Supply Depot  
  103  11:49  Supply Depot  
  103  11:55  SCV x2  
  103  11:56  Thor  
  103  11:59  SCV  
  112  12:12  SCV x2  
  112  12:16  SCV  
  115  12:29  Factory Tech Lab, SCV x2  
  117  12:33  SCV  
  117  12:36  Factory Tech Lab, Factory  
  117  12:39  Factory  
  118  12:46  SCV  
  119  13:39  SCV  
  120  13:40  SCV x2  
  120  13:45  Thor  
  120  13:46  Thor x3  
  120  13:49  Refinery  
  146  13:51  Refinery  
  146  13:56  SCV  
  146  13:57  SCV x2  
  149  14:12  Command Center  
  149  14:13  SCV  
  149  14:17  Factory Tech Lab  
  149  14:18  Factory Tech Lab  
  150  14:31  Hellion x3  
  150  14:38  Orbital Command  
  156  14:45  Thor  
  156  14:46  Thor  
  168  15:00  Refinery  
  168  15:01  Refinery  
  168  15:13  SCV x2  
  168  15:14  SCV  
  171  15:28  Thor x3  
  189  15:30  SCV x2  
  189  15:31  SCV, Hellion x2  
  189  15:32  Hellion x2  
  200  15:53  Command Center  
  200  16:08  Orbital Command  
  200  16:29  Siege Tank x2  
  200  16:30  Siege Tank x2  
  200  16:46  Orbital Command x2  
  200  16:49  Terran Vehicle Weapons Level 3, Terran Vehicle And Ship Armor Level 3  
  200  17:04  Factory  
  200  17:05  Factory  
  200  17:07  Factory x2  
  200  17:16  Factory  
  200  17:22  Factory  
  200  18:17  Factory Tech Lab x5  
  200  18:28  Factory  
  200  18:56  Command Center  
  200  18:59  Command Center  
  192  19:42  Factory Tech Lab x2  
  192  19:47  Factory  
  170  20:38  Refinery  
  170  20:44  Refinery  
  170  21:08  Orbital Command  
  170  21:16  Orbital Command  
  170  21:22  Command Center  
  170  21:25  Refinery  
  170  21:27  Refinery  
  170  21:57  Orbital Command  
  170  21:58  Command Center  
  170  22:02  Command Center  
  170  23:41  Orbital Command  
Tags
 
League
Gold
Matchup
Co-op
Replay Pack
Vicster replay
Add a new tag
Caveats
  • Supply blocks, unpowered buildings, or Contaminate may cause inaccurate times.
  • Supply counts are checked every 10 seconds.